 Dungeon Crawl Stone Soup version 0.22-a0-443-g17c3723 (webtiles) character file.

56 xccam the Skirmisher (level 3, -7/34 HPs)
             Began as a Minotaur Monk on June 1, 2018.
             Mangled by a gnoll
             ... wielding a +0 halberd
              (12 damage)
             ... on level 2 of the Dungeon.
             The game lasted 00:01:24 (888 turns).

xccam the Skirmisher (Minotaur Monk)                 Turns: 888, Time: 00:01:25

Health: -7/34      AC:  0    Str: 16    XL:     3   Next: 69%
Magic:  2/2        EV: 13    Int:  7    God:
Gold:   85         SH:  0    Dex: 12    Spells: 2/2 levels left

rFire    . . .     SeeInvis .     - Unarmed
rCold    . . .     Gourm    .   (no shield)
rNeg     . . .     Faith    .   (no armour)
rPois    .         Spirit   .   (helmet restricted)
rElec    .         Reflect  .   (no cloak)
rCorr    .         Harm     .   (no gloves)
MR       .....                  (no boots)
Stlth    ++........             (no amulet)
HPRegen  0.11/turn              (no ring)
MPRegen  0.08/turn              (no ring)

@: no status effects
A: retaliatory headbutt, horns 2
a: no special abilities


You were on level 2 of the Dungeon.
You were not hungry.

You visited 1 branch of the dungeon, and saw 2 of its levels.

You collected 85 gold pieces.

Inventory:

Scrolls
 a - 4 scrolls of identify {unknown}
 c - a scroll of noise {unknown}
 d - a scroll of blinking {unknown}
 e - a scroll of amnesia {unknown}
 f - 3 scrolls of remove curse {unknown}
 h - 2 scrolls of fear {unknown}
Potions
 g - a potion of brilliance {unknown}
 i - a potion of heal wounds {unknown}
Comestibles
 b - 4 rations
 j - 4 chunks of flesh


   Skills:
 + Level 4.7 Fighting
 - Level 3.2 Dodging
 - Level 1.5 Stealth
 + Level 4.3 Unarmed Combat


You had 2 spell levels left.
You didn't know any spells.
Your spell library was empty.

Dungeon Overview and Level Annotations

Branches:
Dungeon (2/15)

Altars:


Innate Abilities, Weirdness & Mutations

You reflexively headbutt those who attack you in melee.
You have a pair of horns on your head.


Message History

A gnoll comes into view. It is wielding a flail.
The gnoll closely misses you.
You hit the gnoll but do no damage.
You headbutt the gnoll, but do no damage.
The gnoll is almost dead.
The gnoll closely misses you. The gnoll completely misses you.
You punch the gnoll!
You kill the gnoll!
The gnoll closely misses you. The gnoll hits you with a flail!
You hit the gnoll but do no damage. You hit the gnoll.
The gnoll is moderately wounded.
The gnoll barely misses you. The gnoll hits you with a halberd!
* * * LOW HITPOINT WARNING * * *
You barely miss the gnoll.
The gnoll is moderately wounded.
An adder comes into view.
The gnoll barely misses you. The gnoll hits you with a halberd!
You die...

#. .S ##.## .# . #...#
##.##. #. #.# #...#
#..K. K.. .. #...#
#..##.?#.
#.####>..####g.......
..##...........†@#......
#......).........g#
#.##...........†)#.#
.....####...####......
.### #...# ###.....
#...# .....# #...# .....
##.## ....# #######.###
...


You could see 2 gnolls, an adder (wandering) and a kobold.

Vanquished Creatures
  3 gnolls
  A ball python (D:2)
  2 bats (D:1)
  3 giant cockroaches
  6 goblins
  2 jackals (D:1)
  3 frilled lizards
  6 kobolds
  A rat (D:2)
27 creatures vanquished.

Notes
Turn   | Place    | Note
-------+----------+-------------------------------------------
     0 | D:1      | xccam the Minotaur Monk began the quest for the Orb.
     0 | D:1      | Reached XP level 1. HP: 19/19 MP: 0/0
   201 | D:1      | Reached XP level 2. HP: 20/27 MP: 1/1
   609 | D:1      | Reached XP level 3. HP: 26/34 MP: 2/2
   888 | D:2      | Mangled by a gnoll

Vault maps used:
D:1:      elethiomel_arrival_maze
D:2:      elyvilon_altar_4, uniq_robin

Skill      XL: |  1  2 |
---------------+-------+-----
Fighting       | 4 |  4.7
Unarmed Combat | 4 |  4.3
Dodging        | |  3.2
Stealth        | |  1.5

Action                   || total
-------------------------++-------
Melee: Unarmed           ||    61
       Headbutt          ||    11
       Punch             ||     1
 Stab: Sleeping          ||     2
Dodge: Dodged            ||    33

Table legend:
 A = Spawn XP
 B = Non-spawn XP
 C = Spawn XP percentage of total XP
 D = Spawn monster count
 E = Non-spawn monster count
 F = Spawn count percentage of total count
 G = Total turns spent on level
                    A         B        C        D         E        F      G
               +---------+---------+-------+---------+---------+-------+---------
         Total |       0 |      80 |   0.0 |       0 |      27 |   0.0 |   888
               +---------+---------+-------+---------+---------+-------+---------
           D:1 |       0 |      55 |   0.0 |       0 |      19 |   0.0 |   808
           D:2 |       0 |      25 |   0.0 |       0 |       8 |   0.0 |    80
               +---------+---------+-------+---------+---------+-------+---------
